 Seeded DCSS version 0.27.1 (webtiles) character file.

Game seed: 1639425997011667752 (custom seed)

89 calewdscratch the Sneak (level 4, 0/24 HPs)
             Began as a Kobold Enchanter on Sept 1, 2021.
             Slain by Jessica (4 damage)
             ... on level 3 of the Dungeon.
             The game lasted 00:21:49 (2646 turns).

calewdscratch the Sneak (Kobold Enchanter)          Turns: 2646, Time: 00:21:49

Health: 0/24       AC:  3    Str:  5    XL:     4   Next: 84%
Magic:  1/7        EV: 15    Int: 16    God:
Gold:   44         SH:  0    Dex: 16    Spells: 4/7 levels left

rFire    x . .     SeeInvis .   a - +1 dagger
rCold    + . .     Faith    .   (shield restricted)
rNeg     . . .     Spirit   .   b - +0 robe
rPois    .         Reflect  .   (no helmet)
rElec    .         Harm     .   (no cloak)
rCorr    .         Rampage  .   e - +0 pair of gloves
Will     .....                  (no boots)
Stlth    ++++......             (no amulet)
HPRegen  0.08/turn              d - +4 ring of slaying
MPRegen  0.10/turn              i - ring of ice

@: very slightly contaminated
A: small, no large weapons, nightstalker 3
a: no special abilities


You were on level 3 of the Dungeon.
You visited 1 branch of the dungeon, and saw 3 of its levels.

You collected 44 gold pieces.

Inventory:

Hand Weapons
 a - a +1 dagger (weapon)
 h - a +0 short sword
Missiles
 q - 37 arrows
 r - 16 bolts
Armour
 b - a +0 robe (worn)
 e - a +0 pair of gloves (worn)
Jewellery
 d - a +4 ring of slaying (left hand)
 g - a ring of flight
 i - a ring of ice (right hand)
Scrolls
 f - a scroll of identify {unknown}
 k - a scroll of summoning {unknown}
 m - a scroll of enchant armour {unknown}
Potions
 c - 4 potions of lignification {!q Lignification, unknown}
 j - a potion of degeneration {unknown}
 l - a potion of haste {unknown}
 n - a potion of attraction {unknown}
 o - a potion of might {unknown}
 p - 2 potions of mutation {!q Mutation, unknown}
 s - a potion of flight {unknown}


   Skills:
 + Level 4.0 Short Blades
 - Level 2.4 Dodging
 + Level 5.9 Stealth
 - Level 2.1 Spellcasting
 - Level 3.0 Hexes


You had 4 spell levels left.
You knew the following spells:

 Your Spells              Type           Power      Damage    Failure   Level
a - Corona                Hex            12%        N/A       6%          1
b - Ensorcelled Hibernat  Hex/Ice        18%        N/A       17%         2

Your spell library contained the following spells:

 Spells                   Type           Power      Damage    Failure   Level
 Confusing Touch          Hex            11%        N/A       19%         3
 Tukima's Dance           Hex            11%        N/A       19%         3
 Dazzling Flash           Conj/Hex       12%        N/A       32%         3


Dungeon Overview and Level Annotations

Branches:
Dungeon (3/15)

Altars:

Shops:
D:3 [

Annotations:
D:3 Jessica


Innate Abilities, Weirdness & Mutations

You are small and have problems with some larger weapons.
You are completely attuned to the shadows.


Message History

The endoplasm freezes you.
You are frozen.
You resist.
You hit the endoplasm.
The endoplasm is almost dead.
The endoplasm hits you.
You hit the endoplasm.
You kill the endoplasm!
Something hits you.
You hit something. Something hits you.
Casting: Ensorcelled Hibernation (safe; 17% risk of failure)
Confirm with . or Enter, or press ? or * to list all spells.
You can't see any susceptible monsters within range! (Use Z to cast anyway.)
Casting: Ensorcelled Hibernation (safe; 17% risk of failure)
Confirm with . or Enter, or press ? or * to list all spells.
Aiming: Ensorcelled Hibernation (safe; 17% risk of failure)
Press: ? - help, Shift-Dir - straight line You feel a surge of power!
You miscast Ensorcelled Hibernation.
You are very lightly contaminated with residual magic.
Nothing appears to happen.
Something hits you. x2
You completely miss something. Something hits you.
* * * LOW HITPOINT WARNING * * *
Casting: Ensorcelled Hibernation (safe; 17% risk of failure)
Confirm with . or Enter, or press ? or * to list all spells.
You can't see any susceptible monsters within range! (Use Z to cast anyway.)
Casting: Ensorcelled Hibernation (safe; 17% risk of failure)
Confirm with . or Enter, or press ? or * to list all spells.
Aiming: Ensorcelled Hibernation (safe; 17% risk of failure)
Press: ? - help, Shift-Dir - straight line You feel a surge of power!
Nothing appears to happen.
You barely miss something.
You hear a shout!
You hear some strange, mumbled words.
Items here: ))) [ †††.
Something hits you but does no damage.
Things that are here:
a +0 flail; an orc corpse You hit something.
Something hits you.
* * * LOW HITPOINT WARNING * * *
Items here: ))) [ †††.
You hit something. Something hits you.
You die...

≈≈≈≈≈...P♣#.##############[..
≈≈≈≈≈...♣.#.# ####### #.##
≈P≈P...###.# #.....# #.#
≈P≈≈.......# #.....# #.#
≈≈≈≈..#.#### #.....# #.#
P≈P♣###.# #######.....###.#.
≈♣ ..# #.....'...........
#### #)#####.....###.## #@#
#......##...
####)##########⌠.⌠###
#........# .∩. #........#
##........# #........##
#........# #........#
#........#


There were no monsters in sight!

Vanquished Creatures
  2 adders (D:2)
  A worm (D:2)
  2 dart slugs
  3 orcs (D:3)
  8 bats
  8 endoplasms
  A giant cockroach (D:2)
  3 goblins
  3 hobgoblins
  6 jackals
  5 quokkas
  8 ball pythons
  2 frilled lizards (D:1)
  A kobold (D:1)
  3 rats
56 creatures vanquished.

Notes
Turn   | Place    | Note
-------+----------+-------------------------------------------
     0 | D:1      | calewdscratch the Kobold Enchanter began the quest for the
                  | Orb.
     0 | D:1      | Reached XP level 1. HP: 10/10 MP: 3/3
   161 | D:1      | You fall into a shaft and drop 1 floor!
   188 | D:2      | Reached XP level 2. HP: 15/15 MP: 5/5
   321 | D:2      | Reached XP level 3. HP: 19/19 MP: 4/6
   445 | D:1      | Reached skill level 5 in Stealth
   688 | D:1      | Learned a level 2 spell: Ensorcelled Hibernation
   915 | D:1      | Reached XP level 4. HP: 24/24 MP: 7/7
  1136 | D:1      | Found a faded altar of an unknown god.
  2524 | D:3      | Found Ypuck's Armour Boutique.
  2616 | D:3      | Noticed Jessica
  2646 | D:3      | Slain by Jessica

Illustrated notes

Levels and vault maps discovered:
D:1:      dpeg_arrival_simpleton_a, layout_loops_cross,
          ebering_ecumenical_altar_sacrificial
D:2:      layout_basic, solitary_fountain, supply_closet_lemuel,
          hangedman_decor_points, st_stairs_14, grunt_decor_mini_mirrors,
          minmay_pentomino_v2
D:3:      layout_basic, grunt_temple_overflow_open,
          ebering_ghost_reflecting_pool, serial_shops, shop_fountains,
          serial_bayou_ford_a, uniq_jessica, uniq_terence

Skill      XL: |  1  2  3  4 |
---------------+-------------+-----
Short Blades   | 2 3 4 |  4.0
Stealth        | 5 |  5.9
Dodging        | |  2.4
Spellcasting   | |  2.1
Hexes          | |  3.0

Action                   |  1- 3 |  4- 6 || total
-------------------------+-------+-------++-------
Melee: Dagger            |    58 |    43 ||   101
 Cast: Corona            |     8 |       ||     8
       Ensorcelled Hiber |     5 |     8 ||    13
 Stab: Sleeping          |    19 |    15 ||    34
Armor: Robe              |    12 |     1 ||    13
Dodge: Dodged            |    30 |    14 ||    44
